% Time on Ice - SAN FRANCISCO SPIDERS
Lines # - Real PCT - Wanted PCT - Time Play
Normal Forward
1 - 35% - 40% - 17:12
2 - 33% - 35% - 16:21
3 - 21% - 20% - 10:31
4 - 10% - 5% - 4:59
Normal Defense
1 - 35% - 40% - 17:18
2 - 35% - 35% - 17:13
3 - 28% - 25% - 13:50
4 - 1% - 0% - 0:42
PP Forward
1 - 60% - 50% - 1:11
2 - 40% - 50% - 0:48
PP Defense
1 - 60% - 50% - 1:11
2 - 40% - 50% - 0:48
PK Forward
1 - 47% - 50% - 4:15
2 - 53% - 50% - 4:43
PK Defense
1 - 49% - 50% - 4:23
2 - 51% - 50% - 4:35
PK3 Forward
1 - 0% - 55%
2 - 0% - 45%
PK3 Defense
1 - 0% - 50%
2 - 0% - 50%
44 Forward
1 - 0% - 55%
2 - 0% - 45%
44 Defense
1 - 0% - 55%
2 - 0% - 45%
Last Minute Offensive  - 0:00
Last Minute Defensive  - 0:00
Total
Forward - 60:00
Defense - 60:00
% Time on Ice - BANFF WOLVES
Lines # - Real PCT - Wanted PCT - Time Play
Normal Forward
1 - 33% - 34% - 16:06
2 - 33% - 34% - 15:59
3 - 25% - 25% - 12:02
4 - 10% - 7% - 4:56
Normal Defense
1 - 38% - 45% - 18:28
2 - 40% - 43% - 19:29
3 - 23% - 12% - 11:06
4 - 0% - 0% - 0:00
PP Forward
1 - 60% - 60% - 5:23
2 - 40% - 40% - 3:35
PP Defense
1 - 67% - 60% - 5:58
2 - 33% - 40% - 3:00
PK Forward
1 - 64% - 55% - 1:16
2 - 36% - 45% - 0:43
PK Defense
1 - 64% - 55% - 1:16
2 - 36% - 45% - 0:43
PK3 Forward
1 - 0% - 55%
2 - 0% - 45%
PK3 Defense
1 - 0% - 55%
2 - 0% - 45%
44 Forward
1 - 0% - 60%
2 - 0% - 40%
44 Defense
1 - 0% - 60%
2 - 0% - 40%
Last Minute Offensive  - 0:00
Last Minute Defensive  - 0:00
Total
Forward - 60:00
Defense - 60:00
Play-by-Play 1st period 0:01 of 1st period - Jordan Staal wins face-off versus Roope Hintz in neutral zone. 0:41 of 1st period - Shot by Kyle Connor. 0:41 of 1st period - Goal by Kyle Connor - SAN FRANCISCO SPIDERS : 0 - BANFF WOLVES : 1. 0:42 of 1st period - Ryan Getzlaf wins face-off versus Jared McCann in neutral zone. 0:49 of 1st period - Shot by Alex Tuch. 0:49 of 1st period - Shot Misses the Net. 1:08 of 1st period - Icing by Jamie Oleksiak. 1:09 of 1st period - Ryan Getzlaf wins face-off versus Travis Boyd in BANFF WOLVES zone. 1:36 of 1st period - Shot by Trevor Moore. 1:36 of 1st period - Shot Misses the Net. 1:51 of 1st period - Alex Tuch is hit by Travis Boyd. 3:50 of 1st period - Mats Zuccarello is hit by Sean Durzi and loses puck. 3:59 of 1st period - Shot by Kyle Connor. 3:59 of 1st period - Shot Misses the Net. 4:01 of 1st period - Shot by Simon Benoit. 4:01 of 1st period - Shot Blocked by Viktor Arvidsson. 4:03 of 1st period - Shot by Simon Benoit. 4:03 of 1st period - Stopped by Igor Shesterkin with a rebound. 4:05 of 1st period - Shot by Roope Hintz. 4:05 of 1st period - Stopped by Igor Shesterkin without a rebound. 4:06 of 1st period - Jordan Staal wins face-off versus Eetu Luostarinen in SAN FRANCISCO SPIDERS zone. 4:33 of 1st period - Shot by Jordan Staal. 4:33 of 1st period - Shot Misses the Net. 4:36 of 1st period - Icing by Logan O'Connor. 4:37 of 1st period - Eetu Luostarinen wins face-off versus Trent Frederic in BANFF WOLVES zone. 5:46 of 1st period - Off-side. 5:47 of 1st period - Jordan Staal wins face-off versus Sean Couturier in neutral zone. 5:56 of 1st period - Shot by Andrei Svechnikov. 5:56 of 1st period - Deflect By Zach Hyman. 5:56 of 1st period - Stopped by Jacob Markstrom with a rebound. 5:58 of 1st period - Shot by Zach Hyman. 5:58 of 1st period - Shot Blocked by Esa Lindell. 6:28 of 1st period - Shot by Dawson Mercer. 6:28 of 1st period - Stopped by Igor Shesterkin with a rebound. 6:55 of 1st period - Off-side. 6:56 of 1st period - Jared McCann wins face-off versus Roope Hintz in neutral zone. 7:37 of 1st period - Shot by Roope Hintz. 7:37 of 1st period - Stopped by Igor Shesterkin without a rebound. 7:38 of 1st period - Jordan Staal wins face-off versus Tyler Toffoli in SAN FRANCISCO SPIDERS zone. 7:50 of 1st period - Alex Tuch is hit by Andrei Svechnikov and loses puck. 8:02 of 1st period - Shot by Alex Tuch. 8:02 of 1st period - Stopped by Igor Shesterkin without a rebound. 8:03 of 1st period - Travis Boyd wins face-off versus Sean Couturier in SAN FRANCISCO SPIDERS zone. 8:13 of 1st period - Minor Penalty to Sean Durzi for Tripping. 8:14 of 1st period - Roope Hintz wins face-off versus Andrei Svechnikov in SAN FRANCISCO SPIDERS zone. 8:41 of 1st period - Icing by Mats Zuccarello. 8:42 of 1st period - Roope Hintz wins face-off versus Andrei Svechnikov in BANFF WOLVES zone. 9:13 of 1st period - Shot by Kyle Connor. 9:13 of 1st period - Shot Hit the Post. 9:15 of 1st period - Shot by Kyle Connor. 9:15 of 1st period - Goal by Kyle Connor - SAN FRANCISCO SPIDERS : 0 - BANFF WOLVES : 2. 9:16 of 1st period - Jared McCann wins face-off versus Tyler Toffoli in neutral zone. 10:17 of 1st period - Zach Hyman is hit by Maxim Mamin. 10:23 of 1st period - Shot by Zach Hyman. 10:23 of 1st period - Deflect By Andrei Svechnikov. 10:23 of 1st period - Stopped by Jacob Markstrom without a rebound. 10:24 of 1st period - Travis Boyd wins face-off versus Roope Hintz in BANFF WOLVES zone. 10:30 of 1st period - Icing by Erik Gustafsson. 10:31 of 1st period - Jordan Staal wins face-off versus Roope Hintz in BANFF WOLVES zone. 10:33 of 1st period - Andrei Svechnikov is hit by Erik Gustafsson and loses puck. 10:36 of 1st period - Shot by Jordan Staal. 10:36 of 1st period - Shot Misses the Net. 10:38 of 1st period - Shot by Jordan Staal. 10:38 of 1st period - Stopped by Jacob Markstrom with a rebound. 10:40 of 1st period - Shot by Andrei Svechnikov. 10:40 of 1st period - Shot Misses the Net. 10:59 of 1st period - Andrei Svechnikov is hit by Erik Gustafsson. 14:05 of 1st period - Shot by Roope Hintz. 14:05 of 1st period - Shot Misses the Net. 14:17 of 1st period - Shot by Zach Hyman. 14:17 of 1st period - Stopped by Jacob Markstrom with a rebound. 14:26 of 1st period - Off-side. 14:27 of 1st period - Travis Boyd wins face-off versus Eetu Luostarinen in neutral zone. 14:30 of 1st period - Shot by Trevor Moore. 14:30 of 1st period - Shot Blocked by Jamie Oleksiak. 14:37 of 1st period - Travis Boyd is hit by Jamie Oleksiak and loses puck. 14:49 of 1st period - Shot by Travis Boyd. 14:49 of 1st period - Shot Misses the Net. 15:13 of 1st period - Alex Tuch is hit by Travis Boyd and loses puck. 15:43 of 1st period - Shot by Alex Tuch. 15:43 of 1st period - Stopped by Igor Shesterkin with a rebound. 16:01 of 1st period - Andrei Svechnikov is hit by Simon Benoit and loses puck. 16:06 of 1st period - Shot by Jordan Staal. 16:06 of 1st period - Shot Misses the Net. 16:08 of 1st period - Shot by Zach Hyman. 16:08 of 1st period - Shot Misses the Net. 16:10 of 1st period - Shot by Jordan Staal. 16:10 of 1st period - Shot Misses the Net. 16:12 of 1st period - Shot by Andrei Svechnikov. 16:12 of 1st period - Shot Blocked by Tyler Toffoli. 16:13 of 1st period - Minor Penalty to Simon Benoit for Holding. 16:14 of 1st period - Eetu Luostarinen wins face-off versus Jared McCann in BANFF WOLVES zone. 16:23 of 1st period - Miro Heiskanen is hit by Jared McCann and loses puck. 19:40 of 1st period - Shot by Viktor Arvidsson. 19:40 of 1st period - Deflect By Jared McCann. 19:40 of 1st period - Stopped by Jacob Markstrom without a rebound. 19:41 of 1st period - Sean Couturier wins face-off versus Zach Hyman in BANFF WOLVES zone. 19:59 of 1st period - Shot by Zach Hyman. 19:59 of 1st period - Stopped by Jacob Markstrom without a rebound. Goals for this period are 0 for SAN FRANCISCO SPIDERS vs 2 for BANFF WOLVES. Shots for this period are 6 for SAN FRANCISCO SPIDERS vs 8 for BANFF WOLVES. 2nd period 0:01 of 2nd period - Sean Couturier wins face-off versus Jordan Staal in neutral zone. 0:18 of 2nd period - Shot by Dawson Mercer. 0:18 of 2nd period - Shot Blocked by Darnell Nurse. 0:20 of 2nd period - Shot by Sean Couturier. 0:20 of 2nd period - Shot Blocked by Jordan Staal. 0:22 of 2nd period - Shot by Dawson Mercer. 0:22 of 2nd period - Deflect By Sean Couturier. 0:22 of 2nd period - Shot Misses the Net. 0:26 of 2nd period - Shot by Sean Couturier. 0:26 of 2nd period - Goal by Sean Couturier - SAN FRANCISCO SPIDERS : 0 - BANFF WOLVES : 3. 0:27 of 2nd period - Jared McCann wins face-off versus Ryan Getzlaf in neutral zone. 1:06 of 2nd period - Shot by Alex Tuch. 1:06 of 2nd period - Shot Misses the Net. 1:08 of 2nd period - Shot by Esa Lindell. 1:08 of 2nd period - Shot Misses the Net. 1:32 of 2nd period - Shot by Miro Heiskanen. 1:32 of 2nd period - Shot Misses the Net. 2:44 of 2nd period - Shot by Kyle Connor. 2:44 of 2nd period - Stopped by Igor Shesterkin without a rebound. 2:45 of 2nd period - Travis Boyd wins face-off versus Ryan Getzlaf in SAN FRANCISCO SPIDERS zone. 2:45 of 2nd period - Travis Boyd is hit by Ryan Getzlaf. 3:06 of 2nd period - Off-side. 3:07 of 2nd period - Eetu Luostarinen wins face-off versus Jordan Staal in neutral zone. 3:10 of 2nd period - Shot by Logan O'Connor. 3:10 of 2nd period - Stopped by Igor Shesterkin without a rebound. 3:11 of 2nd period - Jordan Staal wins face-off versus Ryan Getzlaf in SAN FRANCISCO SPIDERS zone. 4:28 of 2nd period - Icing by Erik Gudbranson. 4:29 of 2nd period - Travis Boyd wins face-off versus Sean Couturier in SAN FRANCISCO SPIDERS zone. 4:44 of 2nd period - Shot by Travis Boyd. 4:44 of 2nd period - Shot Misses the Net. 4:52 of 2nd period - Shot by Dawson Mercer. 4:52 of 2nd period - Stopped by Igor Shesterkin without a rebound. 4:53 of 2nd period - Kyle Connor wins face-off versus Mark Stone in SAN FRANCISCO SPIDERS zone. 5:25 of 2nd period - Shot by Mark Stone. 5:25 of 2nd period - Stopped by Jacob Markstrom without a rebound. 5:26 of 2nd period - Sean Couturier wins face-off versus Travis Boyd in BANFF WOLVES zone. 6:00 of 2nd period - Shot by Dawson Mercer. 6:00 of 2nd period - Deflect By Sean Couturier. 6:00 of 2nd period - Shot Misses the Net. 6:02 of 2nd period - Shot by Sean Couturier. 6:02 of 2nd period - Stopped by Igor Shesterkin without a rebound. 6:03 of 2nd period - Jordan Staal wins face-off versus Ryan Getzlaf in SAN FRANCISCO SPIDERS zone. 6:03 of 2nd period - Jordan Staal is hit by Ryan Getzlaf. 6:48 of 2nd period - Alex Tuch is hit by Darnell Nurse. 7:13 of 2nd period - Shot by Roope Hintz. 7:13 of 2nd period - Shot Blocked by Darnell Nurse. 7:15 of 2nd period - Shot by Mats Zuccarello. 7:15 of 2nd period - Shot Misses the Net. 7:17 of 2nd period - Shot by Mats Zuccarello. 7:17 of 2nd period - Shot Misses the Net. 7:25 of 2nd period - Zach Hyman is hit by Roope Hintz and l